 Dungeon Crawl Stone Soup version 0.21.1-1-g345015f (webtiles) character file.

685 shakethe the Chopper (level 7, -4/56 HPs)
             Began as a Demonspawn Gladiator on Feb 27, 2018.
             Was a Follower of Okawaru.
             Slain by an orc wizard
             ... wielding a +0 dagger
              (5 damage)
             ... on level 5 of the Dungeon.
             The game lasted 00:04:15 (4767 turns).

shakethe the Chopper (Demonspawn Gladiator)         Turns: 4767, Time: 00:04:15

Health: -4/56      AC:  7    Str: 14 (15) XL:     7   Next: 35%
Magic:  7/7        EV: 14    Int: 13 (16) God:    Okawaru [*.....]
Gold:   171        SH:  0    Dex: 12 (14) Spells: 6/6 levels left

rFire    . . .     SeeInvis .   a - +0 war axe
rCold    . . .     Gourm    .   (no shield)
rNeg     . . .     Faith    .   b - +0 leather armour
rPois    .         Spirit   .   c - +0 helmet
rElec    .         Reflect  .   (no cloak)
rCorr    .         Harm     .   (no gloves)
MR       .....                  (no boots)
Stlth    +.........             (no amulet)
HPRegen  0.18/turn              (no ring)
MPRegen  0.10/turn              (no ring)

@: brilliant, very slightly contaminated, invisible
A: talons 1, slimy green scales 2
a: Heroism, Renounce Religion


You were on level 5 of the Dungeon.
You worshipped Okawaru.
Okawaru was aware of your devotion.
You were not hungry.

You visited 1 branch of the dungeon, and saw 5 of its levels.

You collected 171 gold pieces.

Inventory:

Hand Weapons
 a - a +0 war axe (weapon)
Missiles
 d - 3 throwing nets {=f, !d}
Armour
 b - a +0 leather armour (worn)
 c - a +0 helmet (worn)
 p - a +2 pair of boots
   (You found it on level 3 of the Dungeon)
Scrolls
 e - 8 scrolls of teleportation {unknown}
 g - 4 scrolls of identify {unknown}
 h - 8 scrolls of remove curse {unknown}
 i - 2 scrolls of magic mapping {unknown}
 k - a scroll of immolation {unknown}
 l - a scroll of blinking {unknown}
Potions
 m - a potion of curing
 q - a potion of invisibility
Comestibles
 f - 8 rations


   Skills:
 + Level 5.0 Fighting
 + Level 5.0 Axes
 - Level 1.8 Throwing
 + Level 5.0 Dodging


You had 6 spell levels left.
You didn't know any spells.

Dungeon Overview and Level Annotations

Branches:
Dungeon (5/15)             Temple (0/1) D:4

Altars:
Kikubaaqudgha
Makhleb
Okawaru
Vehumet
Yredelemnul


Innate Abilities, Weirdness & Mutations

You have sharp toenails.
You are mostly covered in slimy green scales. (AC +3)


Message History

Your Axes skill increases to level 5!
The orc wizard hits you with a dagger. The orc wizard misses you.
You barely miss the orc wizard.
You kill the orc wizard!
Okawaru accepts your kill.
Your Fighting skill increases to level 5!
Your Dodging skill increases to level 5!
You feel sick.
You take 1 damage, and have 18/56 hp.
Things that are here:
a dagger; a robe; an orc corpse You feel sick.
You take 1 damage, and have 18/56 hp.
You start resting.
You feel sick.
You are no longer poisoned.
You take 1 damage, and have 17/56 hp.
You start resting.
An orc comes into view.
You regained 3 hp, and now have 21/56 hp.
You start resting.
An orc wizard comes into view. It is wielding a dagger.
The orc wizard shouts!
You hear a shout!
The orc wizard moves out of view.
The orc wizard gestures at you while chanting.
You are confused.
An orc comes into view. It is wielding a mace.
The orc shouts! x2
The orc wizard hits you but does no damage.
The orc wizard hits you but does no damage.
The orc closely misses you.
You barely miss the orc. Your kick misses the orc.
You hit the orc wizard but do no damage.
The orc barely misses you. The orc wizard barely misses you.
The orc hits you but does no damage. x2
You feel less confused. The orc hits you but does no damage.
The orc wizard mumbles some strange words.
The orc wizard flickers and vanishes!
Deactivating autopickup; reactivate with Ctrl-A.
The orc closely misses you.
You slash the orc!
You kill the orc!
Okawaru accepts your kill. Something barely misses you.
The orc hits you with a mace!
Things that are here:
a leather armour; an orc corpse You take 7 damage, and have 17/56 hp.
You miss something. Your kick misses something. You closely miss the orc.
You hear some strange, mumbled words.
Something tries to affect you, but you resist.
The orc hits you with a mace.
* * * LOW HITPOINT WARNING * * *
Something hits you.
* * * LOW HITPOINT WARNING * * *
You take 8 damage, and have 9/56 hp.
You barely miss something. You claw something. You hit the orc.
You hear some strange, mumbled words.
A magic dart appears from out of thin air!
The magic dart hits you!
* * * LOW HITPOINT WARNING * * *
The orc hits you but does no damage.
An ogre comes into view. It is wielding a giant club.
You take 2 damage, and have 7/56 hp.
You barely miss something. You hit the orc.
You kill the orc!
Okawaru accepts your kill. Something barely misses you.
You barely miss something. You claw something.
Something hits you but does no damage.
You hit something but do no damage. Your kick misses something.
Something hits you.
* * * LOW HITPOINT WARNING * * *
You hear some strange, mumbled words.
You are confused.
You take 3 damage, and have 4/56 hp.
It was a potion of invisibility.
You fade into invisibility!
Something hits you but does no damage.
You are very lightly contaminated with residual magic.
The ogre barely misses you.
A jelly comes into view.
The jelly quivers.
It was a potion of degeneration.
There was something very wrong with that liquid.
You feel weakened.
You feel dopey.
You feel clumsy.
It was a potion of curing.
You feel better. The ogre hits you with a giant club!
* * * LOW HITPOINT WARNING * * *
You take 1 damage, and have 3/56 hp.
It was a potion of magic.
Magic courses through your body. The ogre closely misses you.
Something hits you.
* * * LOW HITPOINT WARNING * * *
You take 2 damage, and have 1/56 hp.
It was a potion of brilliance.
You feel clever all of a sudden. Something hits you but does no damage.
The ogre closely misses you.
You slash the ogre! You miss something. Something hits you.
You die...

#..... ..#######
#####....####.......
...............##.#
...........<.....#
.............†###..
#.#...............#
#.#....#########.##
#.#.O..# #.#[{@.#
##.).J..# #.....###
#......# # #......#
##.##....#.#
........##.#
##..>...##.#
#..!...)..#.##


You could see an ogre and a jelly.

Vanquished Creatures
  Grinder (D:4)
  A hound (D:3)
  An orc wizard (D:5)
  A gnoll shaman (D:4)
  An iguana (D:4)
  Terence (D:2)
  Natasha (thrice) (D:4)
  3 worker ants
  4 gnolls
  8 adders
  A shadow imp (D:5)
  A worm (D:3)
  2 dart slugs (D:1)
  2 leopard geckos
  10 orcs
  2 ball pythons
  4 bats (D:1)
  3 giant cockroaches
  2 gnoll zombies (D:2)
  8 goblins
  4 hobgoblins
  4 jackals (D:2)
  4 kobolds
  A quokka (D:4)
  4 frilled lizards
  A leopard gecko skeleton (D:4)
  9 rats
86 creatures vanquished.

Notes
Turn   | Place    | Note
-------+----------+-------------------------------------------
     0 | D:1      | shakethe the Demonspawn Gladiator began the quest for the Orb.
     0 | D:1      | Reached XP level 1. HP: 16/16 MP: 1/1
   223 | D:1      | Gained mutation: You are partially covered in slimy green scales. (AC +2) [demonic ancestry]
   223 | D:1      | Reached XP level 2. HP: 22/22 MP: 2/2
   325 | D:1      | Reached skill level 3 in Axes
   325 | D:1      | Reached skill level 3 in Dodging
   562 | D:1      | Reached XP level 3. HP: 28/28 MP: 3/3
  1497 | D:2      | Found a radiant altar of Vehumet.
  1668 | D:2      | Found a basalt altar of Yredelemnul.
  1759 | D:2      | Noticed Terence
  1766 | D:2      | Killed Terence
  1766 | D:2      | Reached skill level 3 in Fighting
  1766 | D:2      | Gained mutation: You are mostly covered in slimy green scales. (AC +3) [demonic ancestry]
  1766 | D:2      | Reached XP level 4. HP: 26/35 MP: 4/4
  1927 | D:2      | Found an ancient bone altar of Kikubaaqudgha.
  2658 | D:3      | Gained mutation: You have sharp toenails. [demonic ancestry]
  2658 | D:3      | Reached XP level 5. HP: 41/41 MP: 5/5
  3068 | D:3      | Found a burning altar of Makhleb.
  3691 | D:4      | Noticed Natasha
  3698 | D:4      | Killed Natasha
  3698 | D:4      | Reached skill level 4 in Axes
  3698 | D:4      | Reached skill level 4 in Dodging
  3704 | D:4      | Found an iron altar of Okawaru.
  3711 | D:4      | Noticed Grinder
  3715 | D:4      | Became a worshipper of Warmaster Okawaru
  3738 | D:4      | Killed Grinder
  3738 | D:4      | Reached skill level 4 in Fighting
  3738 | D:4      | Reached XP level 6. HP: 20/49 MP: 6/6
  3958 | D:4      | Noticed Natasha
  3958 | D:4      | Reached * piety under Okawaru
  3971 | D:4      | Killed Natasha
  3971 | D:4      | Reached XP level 7. HP: 15/55 MP: 5/7
  4286 | D:4      | Noticed Natasha
  4290 | D:4      | Killed Natasha
  4349 | D:4      | Found a staircase to the Ecumenical Temple.
  4665 | D:5      | Entered Level 5 of the Dungeon
  4706 | D:5      | Reached skill level 5 in Axes
  4708 | D:5      | Reached skill level 5 in Fighting
  4708 | D:5      | Reached skill level 5 in Dodging
  4755 | D:5      | HP: 11/56 [orc/mace (6)]
  4759 | D:5      | HP: 4/56 [something (4)]
  4764 | D:5      | HP: 3/56 [ogre/giant club (13)]
  4765 | D:5      | HP: 1/56 [something (2)]
  4767 | D:5      | Slain by an orc wizard

Skill      XL: |  1  2  3  4  5  6  7 |
---------------+----------------------+-----
Axes           | 3 4 5 |  5.0
Dodging        | 3 4 5 |  5.0
Fighting       | 3 4 5 |  5.0
Throwing       | |  1.8

Action                   |  1- 3 |  4- 6 |  7- 9 || total
-------------------------+-------+-------+-------++-------
Melee: War axe           |    89 |   124 |    56 ||   269
       Kick              |       |    19 |    13 ||    32
Invok: Heroism           |       |     1 |       ||     1
  Use: Potion            |       |     3 |     5 ||     8
  Eat: Chunk             |     3 |     6 |       ||     9
       Ration            |       |       |     1 ||     1
Armor: Leather armour    |    34 |    33 |    28 ||    95
Dodge: Dodged            |    71 |    92 |    70 ||   233

Vault maps used:
D:1:      saegor_arrival_simple_c
D:2:      lemuel_zombie_altar_yredelemnul, marbit_many_paths,
          overflow_temple_1_default, first_ration, uniq_terence
D:3:      makhleb_heckhound_becter
D:4:      okawaru_metal_pillars_1_2, temple_statues,
          hangedman_abyss_or_decor_passed, uniq_natasha, uniq_grinder
D:5:      lemuel_upstairs_altar, lemuel_crystal_altar, kb_xom_exploding_sheep,
          tgw_trog

Table legend:
 A = Turns spent in this place as a percentage of turns spent in the entire game.
 B = Non-inter-level travel turns spent in this place as a percentage of non-inter-level travel turns spent in the entire game.
 C = Inter-level travel turns spent in this place as a percentage of turns spent in this place.
 D = Turns resting spent in this place as a percentage of non-inter-level travel turns spent in this place.
 E = Turns spent auto-exploring this place as a percentage of non-inter-level travel turns spent in this place.
 F = Non-inter-level travel turns spent in this place divided by the number of levels of this place that you've seen.
                   A       B       C       D       E      F
               +-------+-------+-------+-------+-------+----------------------
         Total | 100.0 | 100.0 |   2.0 |  33.0 |  53.3 | 934.2
       Dungeon | 100.0 | 100.0 |   2.0 |  33.0 |  53.3 | 934.2
               +-------+-------+-------+-------+-------+----------------------

Table legend:
 A = Kills in this place as a percentage of kills in entire the game.
 B = Kills by you in this place as a percentage of kills by you in the entire game.
 C = Kills by friends in this place as a percentage of kills by friends in the entire game.
 D = Other kills in this place as a percentage of other kills in the entire game.
 E = Experience gained in this place as a percentage of experience gained in the entire game.
 F = Experience gained in this place divided by the number of levels of this place that you have seen.
                   A       B       C       D       E      F
               +-------+-------+-------+-------+-------+----------------------
         Total | 100.0 | 100.0 |   N/A |   N/A | 100.0 | 195.8
       Dungeon | 100.0 | 100.0 |   N/A |   N/A | 100.0 | 195.8
               +-------+-------+-------+-------+-------+----------------------
